 Dungeon Crawl Stone Soup version 0.25-b1-37-g2669288c55 (webtiles) character file.

Game seed: 10939955434053535142

19640 gigot the Blocker (level 13, 0/107 HPs)
             Began as a Formicid Fighter on June 6, 2020.
             Was the Champion of Okawaru.
             Slain by a death yak (15 damage)
             ... on level 2 of the Lair of Beasts.
             The game lasted 00:53:10 (16517 turns).

gigot the Blocker (Formicid Fighter)               Turns: 16517, Time: 00:53:11

Health: 0/107      AC: 16    Str: 24    XL:     13   Next: 6%
Magic:  11/13      EV: 13    Int:  7    God:    Okawaru [******]
Gold:   773        SH: 15    Dex: 13    Spells: 12/12 levels left

rFire    + + .     SeeInvis +   J - +5 battleaxe (elec)
rCold    x . .     Gourm    .   c - +0 kite shield
rNeg     . . .     Faith    .   i - +0 fire dragon scales
rPois    .         Spirit   .   (helmet unavailable)
rElec    .         Reflect  .   d - +1 cloak
rCorr    .         Harm     .   (no gloves)
MR       +....                  (no boots)
Stlth    +.........             (no amulet)
HPRegen  0.27/turn              (no ring)
MPRegen  0.13/turn              (no ring)

@: heroism
A: permanent stasis, dig shafts and tunnels, four strong arms, antennae 3
a: Dig, Shaft Self, Heroism, Finesse, Renounce Religion


You were on level 2 of the Lair of Beasts.
You worshipped Okawaru.
Okawaru was exalted by your worship.
You were very hungry.

You visited 3 branches of the dungeon, and saw 14 of its levels.

You collected 773 gold pieces.

Inventory:

Hand Weapons
 h - the +4 battleaxe "Counokh" {holy, Str+5 Dex+2}
   (Okawaru gifted it to you on level 10 of the Dungeon)

   It has been blessed by the Shining One to cause great damage to the undead
   and demons.
   It affects your strength (+5).
   It affects your dexterity (+2).
 t - a +0 scimitar of flaming
 J - a +5 battleaxe of electrocution (weapon)
Armour
 c - a +0 kite shield (worn)
 d - a +1 cloak (worn)
 i - +0 fire dragon scales (worn)
Wands
 b - a wand of disintegration (26)
 n - a wand of flame (23)
 p - a wand of enslavement (7)
 x - a wand of polymorph (8)
Scrolls
 a - a scroll of fear {unknown}
 j - 4 scrolls of identify
 l - 8 scrolls of remove curse
 o - a scroll of magic mapping
 s - a scroll of immolation
 w - a scroll of enchant armour {unknown}
 y - a scroll of vulnerability {unknown}
 B - a scroll of amnesia
 E - a scroll of summoning {unknown}
 G - a scroll of fog
 H - a scroll of enchant weapon
Potions
 e - 2 potions of magic {unknown}
 g - 2 potions of lignification {unknown}
 k - 2 potions of berserk rage {unknown}
 m - 2 potions of flight
 q - 2 potions of curing
 r - 2 potions of stabbing
 u - a potion of cancellation
 v - 2 potions of ambrosia
 z - 2 potions of haste {unknown}
 C - a potion of brilliance
 D - a potion of invisibility
 F - 2 potions of degeneration {unknown}
Comestibles
 f - 25 rations


   Skills:
 + Level 11.7(16.7) Fighting
 + Level 10.6(15.6) Axes
 + Level 11.7(16.7) Armour
 + Level 12.6(17.6) Shields


You had 12 spell levels left.
You didn't know any spells.
Your spell library contained the following spells:

 Spells                   Type           Power        Failure   Level  Hunger
 Animate Skeleton         Necr           N/A          67%         1    ##.....
 Apportation              Tloc           #.....       67%         1    ##.....
 Corona                   Hex            #......      67%         1    ##.....
 Pain                     Necr           #...         67%         1    ##.....
 Shock                    Conj/Air       #...         67%         1    ##.....
 Summon Small Mammal      Summ           #...         67%         1    ##.....
 Static Discharge         Conj/Air       #.......     96%         3    ####...
 Vampiric Draining        Necr           #.........   96%         3    ####...
 Airstrike                Air            #.........   100%        4    #####..
 Animate Dead             Necr           N/A          100%        4    #####..
 Agony                    Necr           #.......     100%        5    ######.
 Irradiate                Conj/Tmut      #.........   100%        5    ######.
 Lightning Bolt           Conj/Air       #.........   100%        5    ######.
 Hydra Form               Tmut           #.........   100%        6    #######
 Statue Form              Tmut/Erth      #........    100%        6    #######
 Dragon Form              Tmut           #.........   100%        7    #######
 Swiftness                Chrm/Air       Unusable     N/A         2    N/A

Dungeon Overview and Level Annotations

Branches:
Dungeon (10/15)            Temple (1/1) D:4            Lair (3/6) D:8
    Orc (0/2) D:10
  Swamp: Lair:2-4    Shoals: Lair:2-4     Snake: Lair:2-4    Spider: Lair:2-4

Altars:
Ashenzari
Cheibriados
Dithmenos
Elyvilon
Fedhas
Gozag
Hepliaklqana
Kikubaaqudgha
Makhleb
Nemelex Xobeh
Okawaru
Qazlal
Ru
Sif Muna
Trog
Uskayaw
Vehumet
Wu Jian
Xom
Yredelemnul
Zin
The Shining One

Shops:
D:6 *   D:10 ?

Annotations:
D:9 2 transporters, DevastatorOne's ghost, novice MiBe


Innate Abilities, Weirdness & Mutations

You cannot be hasted, slowed, berserked, paralysed or teleported.
You can dig through walls and to a lower floor.
Your four strong arms can wield two-handed weapons with a shield.
You have a pair of large antennae on your head. (SInv)


Message History

There is a stone staircase leading down here.
Unknown command.
You gain the combat prowess of a mighty hero.
The death yak gores you.
* * * LOW HITPOINT WARNING * * *
You completely miss the death yak.
The death yak is lightly wounded.
The death yak completely misses you.
Okay, then.
You hit the death yak.
The death yak is lightly wounded.
The death yak barely misses you.
You barely miss the death yak.
The death yak is lightly wounded.
You block the death yak's attack.
You slash the death yak!
Lightning courses through the death yak!
The death yak is heavily wounded.
The death yak gores you!
You die...

#...## #...#..............(
#.#.P####...#.P#.#..........
#...##...........##.###..... ###
#....#.....<..P.....##......
..####.#.........#.##.P#.##.##.##
.........................>..##..#
....##..........##.P...###..#P.##
#P..P##..............##.##.##..##
##...##....###.Y@....##.........#
.#...###.....##.#.#..##.####)####
.....P#..#......##.#...## ###
..#......#.#.##.....[.##
#...####..#..##########
#.............# ..........#####
#...####### #####


You could see a death yak.

Vanquished Creatures
  Erolcha (D:9)
  2 hydras
  A two-headed ogre (D:9)
  Erica (D:9)
  3 death yaks (Lair:3)
  An unseen horror (D:10)
  A black mamba (Lair:2)
  Maurice (D:8)
  Maggie (D:8)
  5 komodo dragons
  A tengu conjurer (D:10)
  2 hornets (D:10)
  A troll (D:10)
  Prince Ribbit (D:9)
  4 blink frogs (Lair:2)
  A hippogriff (Lair:1)
  2 wyverns
  A spriggan (D:9)
  A vampire (D:10)
  17 yaks
  A soldier ant (D:9)
  4 porcupines
  4 water moccasins
  A hornet zombie (D:9)
  4 ice beasts
  5 orc warriors
  2 black bears
  2 sky beasts
  A centaur (D:5)
  6 wolves (Lair:2)
  3 ogres
  8 crocodiles
  7 bullfrogs
  A gnoll sergeant (D:9)
  2 scorpions
  6 wights
  14 killer bees
  3 howler monkeys
  3 crimson imps
  A bullfrog zombie (D:9)
  A centaur zombie (D:6)
  5 hounds
  3 jellies
  8 orc priests
  5 orc wizards
  A bullfrog skeleton (D:8)
  4 iguanas
  11 worker ants
  A hound skeleton (D:6)
  11 gnolls
  10 adders
  A howler monkey skeleton (D:8)
  2 oozes
  An adder zombie (D:6)
  2 adder skeletons
  4 worms
  A dart slug (D:4)
  3 leopard geckos
  29 orcs
  6 giant cockroaches
  8 goblins
  9 hobgoblins
  10 jackals
  6 kobolds
  6 quokkas
  9 bats
  4 frilled lizards
  A giant cockroach zombie (D:5)
  3 jackal skeletons
  A quokka skeleton (D:6)
  10 rats
  A fungus (Lair:1)
303 creatures vanquished.

Vanquished Creatures (others)
  2 fungi (Lair:2)
  5 plants
7 creatures vanquished.

Grand Total: 310 creatures vanquished

Notes
Turn   | Place    | Note
-------+----------+-------------------------------------------
     0 | D:1      | gigot the Formicid Fighter began the quest for the Orb.
     0 | D:1      | Reached XP level 1. HP: 18/18 MP: 1/1
     1 | D:1      | Found a runed translucent door.
     1 | D:1      | Noticed a jelly
   159 | D:1      | Reached XP level 2. HP: 24/24 MP: 2/2
   576 | D:1      | Reached XP level 3. HP: 29/29 MP: 3/3
   818 | D:1      | Reached skill level 4 in Shields
   870 | D:1      | Reached XP level 4. HP: 11/37 MP: 4/4
  1456 | D:2      | Found a shattered altar of Ashenzari.
  1646 | D:2      | Found a shimmering blue altar of Sif Muna.
  1647 | D:2      | Found an ancient bone altar of Kikubaaqudgha.
  1647 | D:2      | Found a radiant altar of Vehumet.
  1660 | D:2      | Identified Sif Muna's Volume of Calling
  1837 | D:3      | Reached XP level 5. HP: 41/42 MP: 5/5
  2025 | D:3      | Found a sparkling altar of Nemelex Xobeh.
  2862 | D:4      | Reached XP level 6. HP: 49/49 MP: 6/6
  3031 | D:4      | Found a staircase to the Ecumenical Temple.
  3046 | Temple   | Entered the Ecumenical Temple
  3166 | Temple   | Became a worshipper of Warmaster Okawaru
  3246 | D:4      | Reached skill level 5 in Shields
  3454 | D:5      | Entered Level 5 of the Dungeon
  3947 | D:5      | Reached XP level 7. HP: 55/55 MP: 7/7
  3978 | D:5      | Reached skill level 5 in Fighting
  3978 | D:5      | Reached skill level 5 in Armour
  4115 | D:5      | Reached * piety under Okawaru
  4277 | D:5      | Found a burning altar of Makhleb.
  4513 | D:6      | Reached skill level 6 in Shields
  4534 | D:6      | Noticed a yak
  4540 | D:6      | Noticed a yak
  4541 | D:6      | Noticed a yak
  4541 | D:6      | Noticed a yak
  4637 | D:5      | Killed a yak
  4637 | D:5      | Reached XP level 8. HP: 47/64 MP: 8/8
  4855 | D:4      | Killed a yak
  5013 | D:5      | Killed a yak
  5013 | D:5      | Reached ** piety under Okawaru
  5013 | D:5      | Reached skill level 5 in Axes
  5054 | D:5      | Killed a yak
  5054 | D:5      | Reached skill level 7 in Shields
  5201 | D:6      | Reached XP level 9. HP: 39/71 MP: 9/9
  6561 | D:6      | Found Gyhuep's Assorted Antiques.
  6978 | D:7      | Reached *** piety under Okawaru
  7117 | D:7      | Reached skill level 8 in Shields
  8135 | D:8      | Received a gift from Okawaru
  8425 | D:8      | Noticed Maurice
  8440 | D:8      | Killed Maurice
  8440 | D:8      | Reached XP level 10. HP: 80/80 MP: 10/10
  8467 | D:8      | Noticed Maggie
  8524 | D:8      | Killed Maggie
  8524 | D:8      | Reached **** piety under Okawaru
  8524 | D:8      | Reached skill level 9 in Shields
  8626 | D:8      | Received a gift from Okawaru
  9169 | D:8      | Found a staircase to the Lair.
  9170 | D:8      | Noticed a komodo dragon
  9230 | D:7      | Killed a komodo dragon
  9671 | D:8      | Found a stormy altar of Qazlal.
 10748 | D:9      | Noticed Prince Ribbit
 10791 | D:9      | Killed Prince Ribbit
 11126 | D:9      | Found a transporter.
 11129 | D:9      | Noticed DevastatorOne's ghost (novice MiBe)
 11131 | D:9      | Noticed Erolcha
 11159 | D:9      | Killed Erolcha
 11159 | D:9      | Reached ***** piety under Okawaru
 11159 | D:9      | Reached skill level 10 in Shields
 11159 | D:9      | Reached XP level 11. HP: 11/89 MP: 11/11
 11547 | D:9      | Found a transporter.
 11549 | D:9      | Noticed Erica
 11549 | D:9      | Noticed a two-headed ogre
 11571 | D:9      | Killed a two-headed ogre
 11587 | D:9      | HP: 2/90 [Erica/bolt of poison (10)]
 11589 | D:9      | Killed Erica
 11942 | D:9      | Found a burning altar of Makhleb.
 11970 | D:9      | Reached skill level 10 in Armour
 11977 | D:9      | Reached skill level 10 in Fighting
 12261 | D:10     | Entered Level 10 of the Dungeon
 12787 | D:10     | Reached skill level 11 in Shields
 12864 | D:10     | Noticed an unseen horror
 12888 | D:10     | Killed an unseen horror
 12888 | D:10     | Received a gift from Okawaru
 12889 | D:10     | Got a scorched battleaxe {god gift}
 12890 | D:10     | Identified the +4 battleaxe "Counokh" {holy, Str+5 Dex+2}
                  | (Okawaru gifted it to you on level 10 of the Dungeon)
 13146 | D:10     | Found a staircase to the Orcish Mines.
 13240 | D:10     | Found Gisireto's Magic Scroll Boutique.
 13498 | D:10     | Reached XP level 12. HP: 91/98 MP: 12/12
 13789 | Lair:1   | Entered Level 1 of the Lair of Beasts
 15085 | Lair:2   | Reached skill level 10 in Axes
 15093 | Lair:2   | Reached ****** piety under Okawaru
 15100 | Lair:2   | Reached skill level 12 in Shields
 15100 | Lair:2   | Noticed a seven-headed hydra
 15477 | Lair:2   | Received a gift from Okawaru
 15628 | Lair:2   | Killed a five-headed hydra
 15899 | Lair:2   | Received a gift from Okawaru
 16428 | Lair:3   | Noticed a seven-headed hydra
 16437 | Lair:3   | Killed a five-headed hydra
 16470 | Lair:3   | Noticed a death yak
 16470 | Lair:3   | Noticed a death yak
 16471 | Lair:3   | Noticed a death yak
 16471 | Lair:3   | Noticed a death yak
 16471 | Lair:3   | Noticed a death yak
 16471 | Lair:3   | Noticed a death yak
 16487 | Lair:3   | Killed a death yak
 16493 | Lair:3   | Killed a death yak
 16493 | Lair:3   | Reached XP level 13. HP: 58/106 MP: 11/13
 16517 | Lair:2   | Slain by a death yak

Illustrated notes

Levels and vault maps discovered:
D:1:      dpeg_arrival_caged_fury, layout_loops_ring
D:2:      layout_basic, grunt_temple_overflow_magic_moments,
          ashenzari_conservatory_becter, minmay_3d_cube
D:3:      layout_basic, lemuel_doored_altar, kennysheep_cross_bottleneck
D:4:      cheibrodos_helix_gallery, layout_cave_pools,
          minmay_temple_entry_drinking_statues
D:5:      layout_rooms, makhleb_grotto_becter, first_ration
D:6:      layout_loops_ring, serial_shops, shop, minmay_circle_x
D:7:      layout_rooms, serial_corexii_hall, corexii_hall_statues_s,
          corexii_hall_statues_t
D:8:      layout_loops_ring, marbit_many_paths, david_lair_shrubbed,
          uniq_maurice, uniq_maggie
D:9:      layout_rooms, gammafunk_ghost_arena, basic_altar, the_bakery,
          uniq_erica, uniq_erolcha, uniq_prince_ribbit1
D:10:     layout_long_grid, orc_0_dummy, serial_shops, shop
Temple:   regret_index_temple_waves
Lair:1:   layout_loops_ring, gauntlet_entry_generic
Lair:2:   layout_loops_ring, chequers_serial_rivers_room_b, serial_bayou_shore_b
Lair:3:   layout_long_grid, nicolae_spider_entry_non_spiders,
          ebering_ghost_rock_garden

Skill      XL: |  1  2  3  4  5  6  7  8  9 10 11 12 |
---------------+-------------------------------------+-----
Shields        | 4 5 6 7 8 10 11 12 | 12.6
Armour         | 4 5 6 8 9 10 11 | 11.7
Fighting       | 4 5 6 8 9 10 11 | 11.7
Axes           | 3 4 5 7 8 9 10 | 10.6

Action                   |  1- 3 |  4- 6 |  7- 9 | 10-12 | 13-15 || total
-------------------------+-------+-------+-------+-------+-------++-------
Melee: War axe           |   102 |   191 |   447 |    16 |       ||   756
       Broad axe         |       |       |       |   337 |       ||   337
       Battleaxe         |       |       |       |   198 |    17 ||   215
       Scimitar          |       |       |       |    15 |       ||    15
Invok: Heroism           |       |       |     5 |    22 |     2 ||    29
 Abil: Dig               |       |       |     1 |     9 |       ||    10
Evoke: Wand              |       |       |       |     7 |       ||     7
  Use: Scroll            |       |     3 |       |    13 |       ||    16
       Potion            |       |       |     4 |     5 |       ||     9
  Eat: Chunk             |       |    10 |    15 |    27 |       ||    52
Armor: Fire dragon scale |    49 |    72 |   147 |   215 |     1 ||   484
       Scale mail        |     5 |       |       |       |       ||     5
Dodge: Dodged            |    30 |    56 |   154 |   156 |     6 ||   402
Block: Kite shield       |    51 |   101 |   280 |   378 |     5 ||   815
       Rpst.: Scimitar   |       |       |       |     1 |       ||     1
